 Dungeon Crawl Stone Soup version 0.23.0 (webtiles) character file.

Game seed: 11865121205034901133

6342 Laan the Cleaver (level 10, -6/96 HPs)
             Began as a Naga Fighter on Feb 10, 2019.
             Was a Believer of Cheibriados.
             Splashed by Maurice's acid (10 damage)
             ... on level 10 of the Dungeon.
             The game lasted 00:16:34 (8893 turns).

Laan the Cleaver (Naga Fighter)                     Turns: 8893, Time: 00:16:34

Health: -6/96      AC: 12    Str: 31    XL:     10   Next: 96%
Magic:  10/10      EV:  3    Int: 13    God:    Cheibriados [**....]
Gold:   655        SH: 21    Dex: 17    Spells: 9/9 levels left

rFire    . . .     SeeInvis +   a - +1 war axe
rCold    . . .     Gourm    .   H - +0 large shield
rNeg     . . .     Faith    .   k - +4 plate armour
rPois    +         Spirit   .   j - +1 helmet
rElec    .         Reflect  +   y - scarf {cloud immunity}
rCorr    .         Harm     .   L - +2 pair of gloves
MR       +....                  (no barding)
Stlth    ..........             O - +3 amulet of reflection
HPRegen  0.26/turn              t - ring of flight
MPRegen  0.12/turn              (no ring)

@: mighty, corroded, very slow
A: large, see invisible, deformed body, poison resistance, slowness 2, slow
metabolism 1, spit poison 1, AC +3
a: Spit Poison, Bend Time, Renounce Religion, Evoke Flight


You were on level 10 of the Dungeon.
You worshipped Cheibriados.
Cheibriados was pleased with you.
You were not hungry.

You visited 2 branches of the dungeon, and saw 12 of its levels.

You collected 655 gold pieces.

Inventory:

Hand Weapons
 a - a +1 war axe (weapon)
 e - the +2 whip of Xeduubb {venom, rPois MP+9 Int+4}
   (You took it off an orc warrior on level 4 of the Dungeon)

   It poisons the flesh of those it strikes.
   It affects your intelligence (+4).
   It protects you from poison.
   It affects your magic capacity (+9).
Missiles
 p - 7 javelins (quivered)
Armour
 j - a +1 helmet (worn)
 k - a +4 plate armour (worn)
 m - a +2 cloak
 y - a scarf of cloud immunity (worn)
 H - a +0 large shield (worn)
 L - a +2 pair of gloves (worn)
Jewellery
 t - a ring of flight (left hand)
 O - a +3 amulet of reflection (around neck)
Wands
 u - a wand of iceblast (7)
 w - a wand of enslavement (9)
 J - a wand of flame (13)
 K - a wand of paralysis (15)
Scrolls
 g - 2 scrolls of amnesia
 h - 3 scrolls of identify
 l - 2 scrolls of immolation
 s - 3 scrolls of magic mapping
 v - a scroll of remove curse
 x - 3 scrolls of fog
 A - 2 scrolls of enchant weapon
 D - 4 scrolls of enchant armour
 G - 4 scrolls of teleportation {unknown}
 I - a scroll of blinking {unknown}
Potions
 c - a potion of flight {unknown}
 d - 2 potions of might
 i - 4 potions of mutation
 n - a potion of brilliance {unknown}
 o - a potion of berserk rage
 q - a potion of haste {unknown}
 r - 2 potions of invisibility
 z - a potion of ambrosia
 C - 2 potions of lignification {unknown}
 E - a potion of degeneration {unknown}
 F - a potion of magic {unknown}
Comestibles
 f - 20 rations


   Skills:
 + Level 8.0 Fighting
 * Level 10.4 Axes
 + Level 6.5 Armour
 + Level 6.6 Shields


You had 9 spell levels left.
You didn't know any spells.
Your spell library contained the following spells:

 Spells                   Type           Power        Failure   Level  Hunger
 Animate Skeleton         Necr           N/A          100%        1    ##.....
 Apportation              Tloc           #.....       100%        1    ##.....
 Confusing Touch          Hex            #.....       100%        1    ##.....
 Magic Dart               Conj           #...         100%        1    ##.....
 Sandblast                Erth           #.....       100%        1    ##.....
 Summon Small Mammal      Summ           #...         100%        1    ##.....
 Blink                    Tloc           N/A          100%        2    ###....
 Call Imp                 Summ           #.......     100%        2    ###....
 Passwall                 Tmut/Erth      #.......     100%        2    ###....
 Slow                     Hex            #.......     100%        2    ###....
 Conjure Flame            Conj/Fire      #.......     100%        3    ####...
 Mephitic Cloud           Conj/Pois/Air  #.......     100%        3    ####...
 Stone Arrow              Conj/Erth      #.....       100%        3    ####...
 Petrify                  Tmut/Erth      #.......     100%        4    #####..
 Lee's Rapid Deconstruct  Erth           #.........   100%        5    ######.


Dungeon Overview and Level Annotations

Branches:
Dungeon (11/15)            Temple (1/1) D:7             Orc (0/2) D:10
   Lair: D:8-11

Altars:
Cheibriados
Dithmenos
Elyvilon
Fedhas
Gozag
Hepliaklqana
Makhleb
Nemelex Xobeh
Okawaru
Ru
Sif Muna
Trog
Uskayaw
Vehumet
Xom
Yredelemnul
Zin
The Shining One
Beogh

Shops:
D:4 ((

Annotations:
D:10 Maurice


Innate Abilities, Weirdness & Mutations

You cannot wear boots.
Your serpentine skin is tough. (AC +3)
You have supernaturally acute eyesight. (SInv)
Armour fits poorly on your strangely shaped body.
Your system is resistant to poisons. (rPois)
You cover ground very slowly.
You have a slow metabolism.
You can spit poison.


Message History

Maurice is almost dead.
You block Maurice's attack.
Maurice mumbles some strange words.
Maurice flickers and vanishes for a moment.
You closely miss Maurice.
Maurice is almost dead.
You block Maurice's attack.
Your shield and plate armour prevent you from hitting Maurice.
Maurice is almost dead.
Maurice gestures wildly while chanting.
Maurice looks slightly unstable.
You closely miss Maurice.
Maurice is almost dead.
Maurice zaps a wand.
The bolt of acid misses you.
You completely miss Maurice.
Maurice is almost dead.
Maurice zaps a wand.
The bolt of acid hits you!
* * * LOW HITPOINT WARNING * * *
The acid corrodes you!
You are splashed with acid!
You die...

#..#..# #...........###.....
#..#..# #...................
#..#..# #...........##......
#..#..# #......##...##...#..
#..#..# #......##...##...#..
#..#..# #..)...##...##..)#..
#..#..# #......##...##...#..
#..#..# #..@...##...##...#..
#..#..# #..@...##...##...#..
#..#..# #......##...##...#..
#..#..# #......##...##...#..
###..#..# #......##...##...#..
.....#..######......##...........
.................................
#################################


You could see Maurice (invisible).

Vanquished Creatures
  An unseen horror (D:6)
  Pikel (D:6)
  The ghost of feta the Blocker, a novice FoFi (D:6)
  A troll (D:7)
  A hornet (D:10)
  A hippogriff (D:10)
  A spriggan (D:9)
  A wyvern (D:8)
  Eustachio (D:6)
  3 orc warriors
  6 sky beasts
  An ice beast (D:7)
  2 phantoms (D:6)
  2 ogres
  4 centaurs
  4 bullfrogs
  A gnoll sergeant (D:8)
  A wyvern skeleton (D:6)
  7 scorpions
  A water moccasin skeleton (D:7)
  3 killer bees (D:7)
  A howler monkey (D:5)
  3 crimson imps
  The ghost of Skippwaahh the Sneak, a weakling TeEn (D:4)
  4 hounds
  Crazy Yiuf (D:2)
  A centaur skeleton (D:10)
  A jelly (D:6)
  6 orc priests
  5 orc wizards
  A bullfrog skeleton (D:6)
  3 iguanas
  7 worker ants
  2 hound zombies
  2 hound skeletons
  A worker ant zombie (D:7)
  Robin (D:2)
  8 gnolls
  8 adders
  A river rat (D:5)
  A shadow imp (D:10)
  2 oozes
  2 adder zombies
  4 adder skeletons
  5 worms
  5 dart slugs
  3 leopard geckos
  42 orcs
  3 ball pythons (D:5)
  8 giant cockroaches
  7 goblins (D:2)
  13 hobgoblins
  9 jackals
  4 quokkas
  11 bats
  11 frilled lizards
  A jackal skeleton (D:3)
  9 kobolds
  A leopard gecko skeleton (D:6)
  7 rats
249 creatures vanquished.

Notes
Turn   | Place    | Note
-------+----------+-------------------------------------------
     0 | D:1      | Laan the Naga Fighter began the quest for the Orb.
     0 | D:1      | Reached XP level 1. HP: 21/21 MP: 1/1
   278 | D:1      | Reached XP level 2. HP: 28/28 MP: 2/2
   974 | D:1      | Reached XP level 3. HP: 34/34 MP: 3/3
  1015 | D:2      | Noticed Robin
  1022 | D:2      | Killed Robin
  1024 | D:2      | Reached skill level 3 in Axes
  1026 | D:2      | Reached XP level 4. HP: 31/42 MP: 4/4
  1236 | D:2      | Found a runed translucent door.
  1237 | D:2      | Noticed Crazy Yiuf
  1298 | D:2      | Killed Crazy Yiuf
  1298 | D:2      | Reached XP level 5. HP: 42/49 MP: 5/5
  1565 | D:3      | Found a glowing golden altar of the Shining One.
  1691 | D:3      | Found a shimmering altar of Xom.
  1879 | D:3      | Reached skill level 4 in Axes
  1879 | D:3      | Reached XP level 6. HP: 46/57 MP: 6/6
  2187 | D:4      | Found Letsygok's Weapon Shop.
  2234 | D:4      | Identified the +6 chain mail of Wioci {rElec rF+ Str+3}
  2235 | D:4      | Found a runed translucent gate.
  2235 | D:4      | Noticed Skippwaahh's ghost (weakling TeEn)
  2236 | D:4      | Found a runed translucent gate.
  2237 | D:4      | Found a runed translucent gate.
  2238 | D:4      | Identified the +2 whip of Xeduubb {venom, rPois MP+9 Int+4}
  2238 | D:4      | Noticed an orc warrior
  2270 | D:4      | Killed Skippwaahh's ghost
  2279 | D:4      | Killed an orc warrior
  2279 | D:4      | Reached XP level 7. HP: 16/66 MP: 7/7
  2420 | D:4      | Found Qelus's Antique Weapon Boutique.
  2593 | D:4      | Reached skill level 5 in Axes
  2717 | D:4      | Found a sparkling altar of Nemelex Xobeh.
  2912 | D:4      | Found a roughly hewn altar of Beogh.
  3020 | D:5      | Entered Level 5 of the Dungeon
  3346 | D:5      | Reached skill level 5 in Fighting
  3346 | D:5      | Reached XP level 8. HP: 30/74 MP: 8/8
  3628 | D:5      | Reached skill level 6 in Axes
  4116 | D:6      | Found a runed translucent gate.
  4117 | D:6      | Found a runed translucent gate.
  4117 | D:6      | Found an opulent altar of Gozag.
  4118 | D:6      | Found a runed translucent gate.
  4148 | D:6      | Noticed Eustachio
  4160 | D:6      | Killed Eustachio
  4311 | D:6      | Noticed feta's ghost (novice FoFi)
  4311 | D:6      | Noticed an unseen horror
  4327 | D:6      | Killed feta's ghost
  4327 | D:6      | Reached skill level 7 in Axes
  4327 | D:6      | Reached XP level 9. HP: 38/82 MP: 9/9
  4332 | D:6      | Killed an unseen horror
  4332 | D:6      | Reached skill level 8 in Axes
  4332 | D:6      | Reached skill level 5 in Armour
  4332 | D:6      | Reached skill level 5 in Shields
  4762 | D:6      | Noticed Pikel
  4773 | D:6      | Killed Pikel
  4859 | D:7      | Noticed a troll
  4864 | D:7      | Killed a troll
  4934 | D:7      | Reached skill level 9 in Axes
  4934 | D:7      | Reached XP level 10. HP: 92/92 MP: 10/10
  5357 | D:7      | Found a staircase to the Ecumenical Temple.
  5370 | Temple   | Entered the Ecumenical Temple
  5491 | Temple   | Became a worshipper of Cheibriados the Contemplative
  6564 | D:8      | Reached * piety under Cheibriados
  7078 | D:8      | Found a hide-covered altar of Uskayaw.
  7078 | D:8      | Found a basalt altar of Yredelemnul.
  7756 | D:9      | Reached ** piety under Cheibriados
  7885 | D:10     | Entered Level 10 of the Dungeon
  8008 | D:10     | Reached skill level 10 in Axes
  8333 | D:10     | Found a staircase to the Orcish Mines.
  8603 | D:10     | You fall through a shaft!
  8603 | D:11     | Noticed Maurice
  8603 | D:11     | Noticed a two-headed ogre
  8893 | D:10     | HP: 4/96 [Maurice/wand of acid (3) (17)]
  8893 | D:10     | Splashed by Maurice's acid

Skill      XL: |  1  2  3  4  5  6  7  8  9 10 |
---------------+-------------------------------+-----
Axes           | 3 4 5 7 9 10 | 10.4
Shields        | 3 4 5 6 |  6.6
Armour         | 3 4 5 6 |  6.5
Fighting       | 4 5 6 8 |  8.0

Action                   |  1- 3 |  4- 6 |  7- 9 | 10-12 || total
-------------------------+-------+-------+-------+-------++-------
Melee: War axe           |    52 |   209 |   313 |   335 ||   909
  Use: Scroll            |     5 |     5 |       |     1 ||    11
       Potion            |     1 |     1 |     3 |     4 ||     9
  Eat: Chunk             |       |     4 |     8 |    10 ||    22
Armor: Scale mail        |     2 |    76 |     7 |       ||    85
       Ring mail         |    25 |    56 |       |       ||    81
       Plate armour      |       |       |   196 |   174 ||   370
Dodge: Dodged            |    18 |    63 |    30 |    32 ||   143
Block: Shield            |    38 |   120 |   149 |    65 ||   372
       Large shield      |       |       |       |   220 ||   220
